 Dungeon Crawl Stone Soup version 0.17-a0-1123-g6d3914c (console) character file.

215 Monkaria the Covered (level 5, -2/42 HPs)
             Began as a Demonspawn Chaos Knight on May 24, 2015.
             Slain by an ogre
             ... wielding a +0 giant club
              (10 damage)
             ... on level 4 of the Dungeon.
             The game lasted 00:05:29 (2764 turns).

Monkaria the Covered (Demonspawn Chaos Knight)      Turns: 2764, Time: 00:05:29

Health: -2/42      AC: 13    Str: 13    XL:     5   Next: 60%
Magic:  0/5        EV:  8    Int: 13    God:    Xom [.....*]
Gold:   43         SH:  0    Dex: 13    Spells: 0 memorised, 4 levels left

rFire  . . .     SeeInvis .     a - +0 falchion (chaos)
rCold  + . .     Clarity  .     y - +2 chain mail {rC+}
rNeg   . . .     SustAt   .     (no shield)
rPois  .         Gourm    .     (helmet restricted)
rElec  .         Spirit   +     F - +1 cloak {+Inv}
rCorr  .         Warding  .     (no gloves)
rMut   .         Stasis   .     (no boots)
MR     +....                    G - amulet of guardian spirit
Stlth  ..........               (no ring)
                                (no ring)

@: somewhat resistant to hostile enchantments, extremely unstealthy
A: hooves 1, horns 1, repulsion field 1, magic resistance 1, sense surroundings
1, powered by pain 1, spiny 1, spit poison 1
a: Spit Poison, Renounce Religion, Evoke Invisibility


You were on level 4 of the Dungeon.
You worshipped Xom.
You were Xom's teddy bear.
You were not hungry.

You visited 1 branch of the dungeon, and saw 4 of its levels.

You collected 169 gold pieces.
You spent 126 gold pieces at shops.

Inventory:

Hand weapons
 a - a +0 falchion of chaos (weapon)
 s - a +2 dagger of venom
Missiles
 q - 16 poisoned needles
 w - 3 curare-tipped needles
Armour
 b - a +2 leather armour
 u - a +0 helmet
 y - a +2 chain mail of cold resistance (worn)
 F - a +1 cloak of invisibility (worn)
Jewellery
 G - an amulet of guardian spirit (around neck)
Scrolls
 f - a scroll of fog {unknown}
 g - a scroll of identify {unknown}
 h - 2 scrolls of remove curse {unknown}
 j - a scroll of fear {unknown}
 l - a scroll of noise {unknown}
 n - a scroll of teleportation {unknown}
 p - a scroll of recharging {unknown}
 r - a scroll of immolation {unknown}
 v - 2 scrolls of enchant weapon {unknown}
 x - a scroll of amnesia {unknown}
 E - a scroll of magic mapping {unknown}
Potions
 d - 2 potions of heal wounds {unknown}
 e - 3 potions of flight {unknown}
 i - a potion of agility {unknown}
 k - 2 potions of beneficial mutation {unknown}
 m - 2 potions of curing {unknown}
 o - a potion of mutation {unknown}
 t - a potion of poison {unknown}
 A - a potion of brilliance {unknown}
 C - a potion of lignification {unknown}
 D - a potion of cancellation {unknown}
Comestibles
 c - 4 bread rations
 z - a meat ration
 B - 3 chunks of flesh
 H - a slice of pizza


   Skills:
 - Level 4.2 Fighting
 - Level 2.6 Long Blades
 + Level 4.6 Armour
 - Level 0.8 Dodging


You had 4 spell levels left.
You didn't know any spells.

Dungeon Overview and Level Annotations

Branches:
Dungeon (4/15)
 Temple: D:4-7

Altars:
Fedhas
Kikubaaqudgha
Trog

Shops:
D:4 [[


Innate Abilities, Weirdness & Mutations

You have large cloven feet.
You are surrounded by a mild repulsion field (EV +2).
You sometimes gain a little power by taking damage.
You are partially covered in sharp spines.
You have a pair of small horns on your head.
You are resistant to hostile enchantments.
You passively map a small area around you.
You can spit weak poison.


Message History

No target in view!
G - a dented platinum amulet You feel your power drawn to a protective spirit.
G - an amulet of guardian spirit (around neck)
H - a slice of pizza An ogre comes into view.
It is wielding a giant club.
The ogre shouts!
An ogre is nearby!
An ogre is nearby!
You slash the ogre!
The ogre flickers and vanishes!
Deactivating autopickup; reactivate with Ctrl-A.
Xom is highly amused!
Your kick misses something. Something hits you!
You completely miss something. Something hits you.
You hit something. Something hits you!
You barely miss something. You kick something. You headbutt something.
You miss something. You kick something. Something hits you!
* * * LOW HITPOINT WARNING * * *
You barely miss something. Your headbutt misses something. Something hits you!
You die...

#### ## #..### ##.##
#....# #...# ###.##.#
#...# #...##.# , ....#
..####.######.##...#
.###..........##{..# *
.###.#.#########@..###.
,
.....#.#######.........#
*
>##............###.#####
....#######...## *.# ,
#....## ###..#* ,# ,
+.....# ##..# , *,
#.....# *#..# , *
......###** * #.# *
......... , , , ... , *


There were no monsters in sight!

Vanquished Creatures
  A hound (D:4)
  An orc wizard (D:3)
  Terence (D:3)
  Robin (D:3)
  3 adders
  3 oozes
  2 giant geckos (D:2)
  4 orcs (D:3)
  A ball python (D:1)
  3 giant cockroaches
  14 goblins
  11 hobgoblins
  A quokka (D:4)
  13 bats
  A giant newt (D:1)
  3 jackals (D:3)
  6 kobolds
  6 rats
75 creatures vanquished.

Vanquished Creatures (others)
  A human (D:3)
1 creature vanquished.

Grand Total: 76 creatures vanquished

Notes
Turn   | Place    | Note
--------------------------------------------------------------
     0 | D:1      | Monkaria the Demonspawn Chaos Knight began the quest for the Orb.
     0 | D:1      | Reached XP level 1. HP: 18/18 MP: 1/1
    43 | D:1      | XOM: potion effect (berserk rage)
   148 | D:1      | Gained mutation: You sometimes gain a little power by taking damage. [demonic ancestry]
   148 | D:1      | Reached XP level 2. HP: 24/24 MP: 2/2
   188 | D:1      | XOM: harmless Hex miscast
   299 | D:1      | Reached skill level 4 in Fighting
   427 | D:1      | XOM: harmless Divn miscast
   438 | D:1      | Gained mutation: You are surrounded by a mild repulsion field (EV +2). [demonic ancestry]
   438 | D:1      | Reached XP level 3. HP: 22/30 MP: 3/3
   481 | D:1      | XOM: divination: detect creatures
   638 | D:2      | Found a blossoming altar of Fedhas.
   643 | D:2      | XOM: harmless Ice miscast
   646 | D:2      | XOM: smoke on damage
   747 | D:2      | Found a bloodstained altar of Trog.
  1047 | D:2      | Gained mutation: You are partially covered in sharp spines. [demonic ancestry]
  1047 | D:2      | Reached XP level 4. HP: 35/37 MP: 4/4
  1233 | D:2      | XOM: silly message
  1537 | D:3      | Noticed Terence
  1538 | D:3      | XOM: divination: magic mapping
  1550 | D:3      | Killed Terence
  1833 | D:3      | XOM: harmless Necr miscast
  1994 | D:3      | Gained mutation: You have large cloven feet. [demonic ancestry]
  1994 | D:3      | Reached XP level 5. HP: 20/42 MP: 5/5
  2001 | D:3      | XOM: 4-stop teleportation journey
  2275 | D:3      | XOM: give mutations
  2275 | D:3      | Gained mutation: You can spit weak poison. [Xom's grace]
  2275 | D:3      | Gained mutation: You passively map a small area around you. [Xom's grace]
  2275 | D:3      | Gained mutation: You have a pair of small horns on your head. [Xom's grace]
  2275 | D:3      | Gained mutation: You are resistant to hostile enchantments. [Xom's grace]
  2308 | D:3      | XOM: scenery: 1 doors open
  2328 | D:3      | Found an ancient bone altar of Kikubaaqudgha.
  2328 | D:3      | Noticed a human
  2331 | D:3      | Killed a human
  2364 | D:3      | Noticed Robin
  2384 | D:3      | Killed Robin
  2451 | D:3      | XOM: cast spell 'Ice Form'
  2664 | D:4      | Found Kauf Pei's Antique Armour Boutique.
  2710 | D:4      | Found Zytaxzej's Antique Armour Shop.
  2713 | D:4      | Bought a runed cloak for 126 gold pieces
  2757 | D:4      | Noticed an ogre
  2764 | D:4      | Slain by an ogre

Vault maps used:
D:1:      co_arrival_hexagon_in_a_hexagon
D:2:      bloody_trog, fedhas_altar_2
D:3:      first_bread, tgw_kikubaaqudgha, uniq_robin, uniq_terence
D:4:      tgw_xom, serial_shops, nicolae_shop_temple_entry_statues_fountains,
          shop, kennysheep_mini_moat, nicolae_shop_behind_doors,
          minmay_liquid_box, uniq_duvessa, uniq_blork_the_orc

Action                   |  1- 3 |  4- 6 || total
-------------------------+-------+-------++-------
Melee: Falchion          |   140 |    54 ||   194
       Dagger            |       |     7 ||     7
       Unarmed           |       |     2 ||     2
 Stab: Paralysed         |     1 |       ||     1
       Sleeping          |     1 |       ||     1
  Eat: Chunk             |     1 |     6 ||     7
